 Dungeon Crawl Stone Soup version 0.28-a0-79-g444c7a33f5 (webtiles) character file.

Game seed: 4922444232131361254

119 siradein the Vexing (level 4, -1/30 HPs)
             Began as a Demonspawn Enchanter on Aug 3, 2021.
             Was an Initiate of Dithmenos.
             Slain by a scorpion (5 damage)
             ... on level 4 of the Dungeon.
             The game lasted 00:11:27 (4586 turns).

siradein the Vexing (Demonspawn Enchanter)          Turns: 4586, Time: 00:11:28

Health: -1/30      AC:  7    Str:  9    XL:     4   Next: 74%
Magic:  5/9        EV: 12    Int: 17    God:    Dithmenos [......]
Gold:   192        SH:  0    Dex: 13    Spells: 4/10 levels left

rFire   . . .      SeeInvis .   a - +1 dagger
rCold   . . .      Faith    .   (no shield)
rNeg    . . .      Spirit   .   b - +0 robe
rPois   .          Reflect  .   (no helmet)
rElec   .          Harm     .   p - scarf {shadows}
rCorr   .          Rampage  .   n - +2 pair of gloves
Will    .....                   (no boots)
Stlth   ++........              c - amulet of regeneration
HPRegen 1.10/turn               (no ring)
MPRegen 0.11/turn               (no ring)

@: lethally poisoned (-1 -> -1)
A: thin metallic scales 1
a: Renounce Religion


You were on level 4 of the Dungeon.
You worshipped Dithmenos.
Dithmenos was noncommittal.
You visited 2 branches of the dungeon, and saw 5 of its levels.

You collected 192 gold pieces.

Inventory:

Hand Weapons
 a - a +1 dagger (weapon)
Armour
 b - a +0 robe (worn)
 n - a +2 pair of gloves (worn)
 p - a scarf of shadows (worn)
Jewellery
 c - an amulet of regeneration (around neck)
 q - a +4 ring of evasion
 s - a ring of positive energy
 t - a +6 ring of dexterity
Wands
 u - a wand of charming (9)
Scrolls
 e - 5 scrolls of teleportation {unknown}
 h - 2 scrolls of vulnerability {unknown}
 j - 4 scrolls of identify {unknown}
 l - a scroll of fear {unknown}
 m - a scroll of blinking {unknown}
Potions
 d - a potion of curing
 f - a potion of flight {unknown}
 g - a potion of might {unknown}
 i - 2 potions of mutation {unknown}
 k - a potion of brilliance {unknown}
 o - a potion of invisibility {unknown}
 r - 2 potions of lignification {unknown}


   Skills:
 - Level 0.8 Short Blades
 - Level 1.7 Dodging
 - Level 2.6 Stealth
 + Level 3.5 Spellcasting
 + Level 4.4 Hexes


You had 4 spell levels left.
You knew the following spells:

 Your Spells              Type           Power      Damage    Failure   Level
a - Corona                Hex            20%        N/A       2%          1
b - Ensorcelled Hibernat  Hex/Ice        20%        N/A       10%         2
c - Tukima's Dance        Hex            18%        N/A       8%          3

Your spell library contained the following spells:

 Spells                   Type           Power      Damage    Failure   Level
 Confusing Touch          Hex            18%        N/A       8%          3
 Dazzling Flash           Conj/Hex       20%        N/A       21%         3


Dungeon Overview and Level Annotations

Branches:
Dungeon (4/15)             Temple (1/1) D:4

Altars:
Ashenzari
Dithmenos
Fedhas
Gozag
Hepliaklqana
Nemelex Xobeh
Okawaru
Qazlal
Sif Muna
Vehumet
Yredelemnul
Zin

Shops:
D:1 [   D:2 [


Innate Abilities, Weirdness & Mutations

You are partially covered in thin metallic scales. (AC +2)


Message History

You feel sick.
The scorpion stings you but does no damage.
You barely miss the scorpion.
The scorpion is heavily wounded.
You feel sick. The scorpion completely misses you.
You hit the scorpion but do no damage.
The scorpion is heavily wounded.
You feel sick. The scorpion stings you.
* * * LOW HITPOINT WARNING * * *
You are lethally poisoned!
The scorpion poisons you!
Unknown command.
It was a potion of curing.
You feel better. The scorpion barely misses you.
You hit the scorpion.
The scorpion is heavily wounded.
The scorpion closely misses you.
You hit the scorpion but do no damage.
The scorpion is heavily wounded.
The scorpion stops glowing.
The scorpion misses you.
You hit the scorpion.
The scorpion is severely wounded.
The scorpion stings you but does no damage.
The scorpion barely misses you.
You closely miss the scorpion.
The scorpion is severely wounded.
The scorpion stings you.
* * * LOW HITPOINT WARNING * * *
You are poisoned.
The scorpion poisons you!
You hit the scorpion.
The scorpion is almost dead.
You feel sick. The scorpion closely misses you.
You hit the scorpion but do no damage.
The scorpion is almost dead.
You feel sick.
The scorpion stings you but does no damage.
You hit the scorpion but do no damage.
The scorpion is almost dead.
You feel sick. The scorpion stings you.
You die...

#.####.##########'##
#####.### #.# #.#......#
#.# #.# #.# #.#.####.#
#.# #.# ♣♣.♣ #.#.#
#.###.##### #.# .P.♣
#.#.####.##.....(# #.#
..P♣
#......#.#.....#.######.#
.P♣♣
###.##.#.##...#.........#
.♣♣
#.#....###..#..########
P♣ #.#....s@....#.# ♣♣
♣♣♣♣...###.....# # ♣♣.##
#.##### ♣. #.# ♣♣ #.# #.#
. #.# PP.♣. #.# #♣♣
..P♣♣#.#


You could see a scorpion.

Vanquished Creatures
  An orc wizard (D:4)
  An adder (D:4)
  An ufetubus (D:4)
  3 dart slugs
  3 orcs
  7 bats
  7 endoplasms
  7 goblins
  4 hobgoblins
  A jackal (D:2)
  4 quokkas
  12 ball pythons
  5 frilled lizards
  4 kobolds
  6 rats
66 creatures vanquished.

Vanquished Creatures (collateral kills)
  An orc (D:4)
1 creature vanquished.

Vanquished Creatures (others)
  A dancing weapon (D:4)
  A plant (D:1)
2 creatures vanquished.

Grand Total: 69 creatures vanquished

Notes
Turn   | Place    | Note
-------+----------+-------------------------------------------
     0 | D:1      | siradein the Demonspawn Enchanter began the quest for the
                  | Orb.
     0 | D:1      | Reached XP level 1. HP: 13/13 MP: 3/3
   577 | D:1      | Gained mutation: You are partially covered in thin metallic
                  | scales. (AC +2) [demonic ancestry]
   577 | D:1      | Reached XP level 2. HP: 17/19 MP: 5/5
   671 | D:1      | Found Maguysoh's Antique Armour Shop.
   749 | D:1      | Learned a level 2 spell: Ensorcelled Hibernation
  1858 | D:2      | Found a shimmering blue altar of Sif Muna.
  1888 | D:2      | Reached XP level 3. HP: 24/24 MP: 5/7
  2092 | D:2      | Found Osku Habb's Armour Emporium.
  2387 | D:2      | Learned a level 3 spell: Tukima's Dance
  2796 | D:2      | Found a faded altar of an unknown god.
  3214 | D:3      | Found a hazy altar of Hepliaklqana.
  3277 | D:3      | Found an iron altar of Okawaru.
  3316 | D:3      | Reached skill level 4 in Hexes
  3819 | D:4      | Noticed a scorpion
  3993 | D:4      | Reached XP level 4. HP: 27/30 MP: 3/9
  4208 | D:4      | Found a staircase to the Ecumenical Temple.
  4210 | D:4      | Identified the +8 chain mail "Ceoq" {Harm}
  4224 | Temple   | Entered the Ecumenical Temple
  4289 | Temple   | Became a worshipper of Dithmenos the Shadowed
  4578 | D:4      | HP: 1/30 [scorpion (2)]
  4586 | D:4      | Slain by a scorpion

Illustrated notes

Levels and vault maps discovered:
D:1:      elethiomel_arrival_quiet, layout_basic, serial_shops,
          nicolae_shop_overgrown_old_shop
D:2:      layout_basic, serial_shops, nicolae_shop_stone, basic_altar,
          shapermc_ecumenical_altar_ellora, minmay_fractal_squares_5
D:3:      layout_loops_cross, mainiacjoe_overflow_catwalk,
          nicolae_overflow_crystal_walls, chequers_serial_rivers_micro_c
D:4:      layout_loops_corners, temple_pool_b, serial_forest,
          infiniplex_forest_side_room, infiniplex_forest_zigzag_1,
          infiniplex_forest_zigzag_1, infiniplex_forest_pool,
          infiniplex_forest_side_room, infiniplex_forest_clump_medium,
          infiniplex_forest_diagonal
Temple:   dpeg_three_leaves_temple

Skill      XL: |  1  2  3 |
---------------+----------+-----
Spellcasting   | 3 |  3.5
Hexes          | 4 |  4.4
Short Blades   | |  0.8
Dodging        | |  1.7
Stealth        | |  2.6

Action                   |  1- 3 |  4- 6 || total
-------------------------+-------+-------++-------
Melee: Dagger            |   299 |    89 ||   388
 Cast: Corona            |    37 |     7 ||    44
       Tukima's Dance    |     1 |       ||     1
       Ensorcelled Hiber |       |     2 ||     2
  Use: Potion            |       |     1 ||     1
 Stab: Sleeping          |     6 |     3 ||     9
Armor: Robe              |   127 |    35 ||   162
Dodge: Dodged            |   201 |    55 ||   256

Table legend: (Time is in decaauts)
 A = Elapsed time spent in this place.
 B = Non-inter-level travel time spent in this place.
 C = Inter-level travel time spent in this place.
 D = Time resting spent in this place.
 E = Time spent auto-exploring this place.
 F = Levels seen in this place.
 G = Mean time per level.
                   A        B        C        D        E       F      G
               +--------+--------+--------+--------+--------+-----+--------+
         Total |   4570 |   4342 |    228 |     26 |   3374 |   5 |  914.0 |
       Dungeon |   4464 |   4236 |    228 |     26 |   3298 |   4 | 1116.0 |
        Temple |    105 |    105 |      0 |      0 |     76 |   1 |  105.0 |
               +--------+--------+--------+--------+--------+-----+--------+

Top non-repeatable levels by time:
     D:1: 1852 daAuts
     D:2: 1175 daAuts
     D:4: 739 daAuts
     D:3: 696 daAuts
  Temple: 105 daAuts
